AoeStats
← 文森

Fortress

508240023Analyzed
4v4 RM · 10d ago on Sep 21, 2026· 30m 42s· 8 players
Game mode
Random Map
Map size
Huge
Population
200
Speed
Normal
Resources
Standard
Victory
Conquest
Starting age
Dark Age
Ending age
Imperial Age
RankedLock teamsTeams togetherTeam positionsShared explorationLock speedFull tech treeHidden civsTurbo modeCheats
Victory
Defeat
🇯🇵 Georgians · Japan
1048
+16
🇵🇪 Inca · Peru
1040
+16
🇹🇼 Armenians · Taiwan
1002
+18
🇹🇼 Cumans · Taiwan
902
+22
🇪🇸 Spanish · Spain
1079
-19
🇬🇧 Persians · United Kingdom
1039
-18
🇮🇹 Celts · Italy
1033
-18
🇩🇪 Japanese · Germany
1014
-17
Oberleutnant
6:00 Feudal Age
11:42 Castle Age
9:52 Double-Bit Axe
9:55 Horse Collar
13:24 Man-at-Arms
16:13 Forging
18:01 Scale Mail Armor
19:31 Iron Casting
20:19 Heavy Plow
20:46 Bow Saw
21:09 Chain Mail Armor
21:52 Wheelbarrow
23:00 Hand Cart
Lord Pelladas
8:05 Feudal Age
6:21 Loom
9:16 Double-Bit Axe
13:34 Castle Age
14:32 Bow Saw
14:04 Horse Collar
19:06 Pikeman
19:59 Forging
19:50 Scale Mail Armor
22:11 Squires
Clockwise Haggis
2:27 Loom
7:16 Feudal Age
12:42 Castle Age
11:44 Horse Collar
12:14 Double-Bit Axe
12:41 Man-at-Arms
fabio07deluca
8:29 Feudal Age
12:58 Castle Age
10:48 Horse Collar
11:16 Double-Bit Axe
11:26 Loom
12:08 Gold Mining
13:03 Stone Mining
14:00 Heavy Plow
14:11 Bow Saw
20:01 Wheelbarrow
19:13 Town Watch
20:20 Pikeman
21:08 Scale Mail Armor
23:44 Chain Mail Armor
皇上駕到
8:27 Feudal Age
18:31 Castle Age
16:19 Loom
17:15 Double-Bit Axe
17:22 Gold Mining
17:14 Horse Collar
18:50 Wheelbarrow
19:12 Capped Ram
21:51 Hand Cart
23:32 Bloodlines
22:45 Light Cavalry
26:15 Forging
26:11 Scale Barding Armor
文森
6:54 Feudal Age
7:24 Man-at-Arms
8:41 Gold Mining
8:56 Long Swordsman
10:12 Double-Bit Axe
10:43 Horse Collar
12:46 Forging
16:15 Stone Mining
17:34 Wheelbarrow
17:19 Loom
21:07 Castle Age
19:21 Scale Mail Armor
19:48 Fletching
26:58 Imperial Age
24:11 Two-Handed Swordsman
24:42 Arson
24:58 Squires
24:43 Gambesons
28:17 Heavy Plow
29:18 Champion
31:34 Conscription
kagemusha
8:21 Feudal Age
9:01 Loom
14:05 Castle Age
12:21 Double-Bit Axe
12:34 Horse Collar
14:43 Wheelbarrow
14:20 Gold Mining
14:22 Stone Mining
16:42 Scale Barding Armor
19:45 Town Watch
20:38 Bow Saw
22:53 Pikeman
23:49 Fletching
26:43 Hand Cart
27:37 Forging
27:48 Chain Barding Armor
31:26 Imperial Age
29:50 Heavy Plow
30:30 Iron Casting
Taikobo
2:44 Loom
9:13 Feudal Age
10:33 Wheelbarrow
9:57 Horse Collar
14:06 Castle Age
12:16 Double-Bit Axe
13:15 Scale Mail Armor
13:08 Stone Mining
14:14 Forging
14:34 Town Watch
15:10 Chain Mail Armor
17:38 Squires
21:12 Bow Saw
22:38 Heavy Plow
24:04 Arson
24:18 Gold Mining
27:10 Hand Cart
28:08 Iron Casting
30:12 Gold Shaft Mining
Connection lost

Rejoining the realm…

Still unreachable

The connection could not be restored.

Session expired

The server has moved on; the page needs a fresh start.